 Dungeon Crawl Stone Soup version 0.30.2 (webtiles) character file.

Game seed: 14298588013250978736

8 porpoise the Covert (level 2, -6/29 HPs)
             Began as a Gnoll Delver on Apr 8, 2024.
             Mangled by Natasha (8 damage)
             ... on level 3 of the Dungeon.
             The game lasted 00:03:30 (550 turns).

porpoise the Covert (Gnoll Delver)                   Turns: 550, Time: 00:03:31

Health: -6/29      AC:  3    Str: 11    XL:     2   Next: 8%
Magic:  2/2        EV: 13    Int:  9    God:
Gold:   27         SH:  0    Dex: 13    Spells: 1/1 levels left

rFire   . . .        a - +0 short sword
rCold   . . .        (no shield)
rNeg    . . .        b - +0 leather armour
rPois   .            (no helmet)
rElec   .            (no cloak)
rCorr   .            (no gloves)
SInv    .            (no boots)
Will    .....        (no amulet)
Stlth   ++++         (no ring)
HPRegen 0.24/turn    (no ring)
MPRegen 0.08/turn

%: no passive effects
@: hasted, very quick
A: fangs 1, strong nose, distributed training
a: no special abilities


You were on level 3 of the Dungeon.
You visited 1 branch of the dungeon, and saw 3 of its levels.

You collected 27 gold pieces.

Inventory:

Hand Weapons
 a - a +0 short sword (weapon)
 k - a +1 dagger of speed
Missiles
 h - 4 stones (quivered)
 o - 5 poisoned darts
Armour
 b - a +0 leather armour (worn)
Wands
 g - a wand of digging (3)
Scrolls
 c - a scroll of fog
 d - a scroll of magic mapping
 e - a scroll of fear
 i - 4 scrolls of identify {unknown}
 j - a scroll of poison {unknown}
 l - a scroll of vulnerability {unknown}
Potions
 m - a potion of heal wounds {unknown}
 n - a potion of might {unknown}


   Skills:
 + Level 6.4 Fighting
 + Level 4.4 Short Blades
 + Level 0.3 Long Blades
 + Level 0.3 Axes
 + Level 0.3 Maces & Flails
 + Level 0.3 Polearms
 + Level 0.3 Staves
 + Level 0.3 Ranged Weapons
 + Level 0.3 Throwing
 + Level 0.3 Armour
 + Level 4.4 Dodging
 + Level 9.5 Stealth
 + Level 0.3 Shields
 + Level 0.3 Unarmed Combat
 + Level 0.3 Spellcasting
 + Level 0.2 Conjurations
 + Level 0.2 Hexes
 + Level 0.2 Summonings
 + Level 0.2 Necromancy
 + Level 0.2 Translocations
 + Level 0.2 Transmutations
 + Level 0.2 Fire Magic
 + Level 0.2 Ice Magic
 + Level 0.2 Air Magic
 + Level 0.2 Earth Magic
 + Level 0.2 Poison Magic
 + Level 0.4 Invocations
 + Level 0.3 Evocations


You had one spell level left.
You didn't know any spells.
Your spell library was empty.

Dungeon Overview and Level Annotations

Branches:
Dungeon (5/15)
 Temple: D:4-7

Altars:

Annotations:
D:3 Natasha


Innate Abilities, Weirdness & Mutations

You have very sharp teeth.
Your uncanny sense of smell can sniff out nearby items.
Your experience applies equally to all skills.


Message History

You barely miss Natasha.
Natasha is lightly wounded.
The cerulean imp misses you. Natasha claws you.
* * * LOW HITPOINT WARNING * * *
You barely miss Natasha.
Natasha is lightly wounded.
You hit Natasha.
Natasha is moderately wounded.
Natasha mumbles some strange words.
Natasha shimmers violently.
Natasha barely misses you.
The cerulean imp hits you from afar with a +0 spear.
* * * LOW HITPOINT WARNING * * *
You feel yourself speed up. The cerulean imp closely misses you.
Natasha claws you.
* * * LOW HITPOINT WARNING * * *
You closely miss Natasha.
Natasha is moderately wounded.
You closely miss Natasha.
Natasha is moderately wounded.
Natasha barely misses you.
The cerulean imp hits you but does no damage.
You miss Natasha.
Natasha is moderately wounded.
You hit Natasha. Your bite misses Natasha.
Natasha is heavily wounded.
Natasha barely misses you. The cerulean imp closely misses you.
You barely miss Natasha.
Natasha is heavily wounded.
You hit Natasha.
Natasha is heavily wounded.
Natasha claws you.
* * * LOW HITPOINT WARNING * * *
The cerulean imp barely misses you.
You barely miss Natasha.
Natasha is heavily wounded.
You hit Natasha.
Natasha is almost dead.
The cerulean imp barely misses you. Natasha claws you!
You die...

##### ##...##
# ##.....##
#.##.......#
#.......!.#
##.#........#
+..........#
#.......#
.......#@#.#
######.#h#
..5.# ##.###
#. .. ##.


You could see Natasha and a cerulean imp (summoned).

Vanquished Creatures
  A ball python (D:4)
  An endoplasm (D:4)
  A giant cockroach (D:4)
  2 goblins (D:4)
  A hobgoblin (D:4)
6 creatures vanquished.

Notes
Turn   | Place    | Note
-------+----------+-------------------------------------------
     0 | D:5      | Reached skill level 9 in Stealth
     0 | D:5      | porpoise the Gnoll Delver began the quest for the Orb.
     0 | D:5      | Reached XP level 1. HP: 23/23 MP: 1/1
   375 | D:4      | Noticed a phantom
   404 | D:4      | Reached XP level 2. HP: 29/29 MP: 2/2
   535 | D:3      | Noticed Natasha
   550 | D:3      | Mangled by Natasha

Illustrated notes

Levels and vault maps discovered:
D:3:      layout_loops_corners, bloody_trog, minitemple, supply_closet_lemuel,
          glass_columns_a, hangedman_glass_teeth, uniq_natasha
D:4:      layout_layer_cave, gammafunk_ghost_nasty_kobolds,
          minmay_misc_feat_tiny, minmay_joined_circles
D:5:      layout_loops_ring, temple_pool_b, kennysheep_dice

Skill      XL: | |
---------------+-+-----
Stealth        | |  9.5
Fighting       | |  6.4
Short Blades   | |  4.4
Long Blades    | |  0.3
Axes           | |  0.3
Maces & Flails | |  0.3
Polearms       | |  0.3
Staves         | |  0.3
Ranged Weapons | |  0.3
Throwing       | |  0.3
Armour         | |  0.3
Dodging        | |  4.4
Shields        | |  0.3
Unarmed Combat | |  0.3
Spellcasting   | |  0.3
Conjurations   | |  0.2
Hexes          | |  0.2
Summonings     | |  0.2
Necromancy     | |  0.2
Translocations | |  0.2
Transmutations | |  0.2
Fire Magic     | |  0.2
Ice Magic      | |  0.2
Air Magic      | |  0.2
Earth Magic    | |  0.2
Poison Magic   | |  0.2
Invocations    | |  0.4
Evocations     | |  0.3

Action                     || total
---------------------------++-------
  Melee: Short sword       ||    22
         Bite              ||     1
    Use: Potion            ||     1
   Stab: Sleeping          ||     4
 Armour: Leather armour    ||     3
  Dodge: Dodged            ||    12
